 Dungeon Crawl Stone Soup version 0.23-a0-261-g133332c (webtiles) character file.

19 RonnieColeman the Firebug (level 2, 0/17 HPs)
             Began as an Octopode Fire Elementalist on Sept 29, 2018.
             Slain by a kobold
             ... wielding a +0 short sword
              (7 damage)
             ... on level 1 of the Dungeon.
             The game lasted 00:01:19 (694 turns).

RonnieColeman the Firebug (OpFE)                     Turns: 694, Time: 00:01:20

Health: 0/17       AC:  1    Str:  7    XL:     2   Next: 75%
Magic:  4/5        EV: 13    Int: 17    God:
Gold:   76         SH:  0    Dex: 12    Spells: 4/5 levels left

rFire    . . .     SeeInvis .   e - +0 dagger
rCold    . . .     Gourm    .   (no shield)
rNeg     . . .     Faith    .   (helmet restricted)
rPois    .         Spirit   .   (no amulet)
rElec    .         Reflect  .   (no ring)
rCorr    .         Harm     .   (no ring)
MR       .....                  (no ring)
Stlth    +++.......             (no ring)
HPRegen  0.05/turn              (no ring)
MPRegen  0.09/turn              (no ring)
                                (no ring)
                                (no ring)

@: no status effects
A: almost no armour, stealthy swim, amphibious, 8 rings, constrict 8, camouflage
1, gelatinous body 1
a: no special abilities


You were on level 1 of the Dungeon.
You were not hungry.

You visited 1 branch of the dungeon, and saw 1 of its levels.

You collected 76 gold pieces.

Inventory:

Hand Weapons
 e - a +0 dagger (weapon)
Scrolls
 a - 2 scrolls of enchant armour {unknown}
 c - a scroll of immolation {unknown}
 f - 2 scrolls of identify {unknown}
 h - a scroll of noise {unknown}
 i - a scroll of magic mapping {unknown}
Potions
 d - a potion of brilliance {unknown}
 g - a potion of ambrosia {unknown}
Comestibles
 b - a ration


   Skills:
 - Level 2.0 Dodging
 - Level 2.6 Stealth
 + Level 2.3 Spellcasting
 + Level 1.6 Conjurations
 + Level 3.3 Fire Magic


You had 4 spell levels left.
You knew the following spells:

 Your Spells              Type           Power        Failure   Level  Hunger
a - Flame Tongue          Conj/Fire      ##...        7%          1    #......

Your spell library contained the following spells:

 Spells                   Type           Power        Failure   Level  Hunger
 Throw Flame              Conj/Fire      ##....       10%         2    ##.....
 Conjure Flame            Conj/Fire      ##......     21%         3    ###....
 Inner Flame              Hex/Fire       #.......     28%         3    ###....
 Sticky Flame             Conj/Fire      ##......     54%         4    #####..
 Fireball                 Conj/Fire      ##........   88%         5    ######.


Dungeon Overview and Level Annotations

Branches:
Dungeon (1/15)

Altars:
Xom


Innate Abilities, Weirdness & Mutations

You cannot wear most types of armour.
You are very stealthy in the water. (Stealth+)
You are amphibious.
You can wear up to eight rings at the same time.
You can use your tentacles to constrict eight enemies at once.
Your skin changes colour to match your surroundings (Stealth+).
Your rubbery body absorbs attacks. (AC +1, EV +1)


Message History

The kobold throws a stone.
The stone hits you.
You see here a stone.
The kobold throws a stone.
The stone closely misses you.
Casting: Flame Tongue (safe; 7% risk of failure)
Confirm with . or Enter, or press ? or * to list all spells.
You can't see any susceptible monsters within range! (Use Z to cast anyway.) Unknown command.
Casting: Flame Tongue (safe; 7% risk of failure)
Confirm with . or Enter, or press ? or * to list all spells.
Aiming: Flame Tongue (safe; 7% risk of failure)
Press: ? - help, Shift-Dir - straight line A stone.
A kobold is nearby!
You closely miss the kobold. You grab the kobold.
You constrict the kobold, but do no damage.
The kobold hits you but does no damage.
You hit the kobold but do no damage.
You constrict the kobold, but do no damage.
The kobold hits you with a short sword!
You die...

......)..######
##......#.#......
......)..# #...#....#.#####
.........#####
#...#..#.......#
#####+#......#
#...#..#.#.#.#.# #.####.#
#...#..#.#...#.# #.#
#.#####...#....†.....# #.#
#.........##.#........
..###########(.##.#######.#
#. ......K@.(.(##.# #.# #.
##########..##.# #.#
#.###.#######.. #.#
#.......... ..# #.#########
#.# #.# # #.# #.# # ## ###
#


You could see a kobold.

Vanquished Creatures
  A dart slug (D:1)
  2 giant cockroaches (D:1)
  4 goblins (D:1)
  2 hobgoblins (D:1)
  A ball python (D:1)
  3 bats (D:1)
  3 rats (D:1)
16 creatures vanquished.

Notes
Turn   | Place    | Note
-------+----------+-------------------------------------------
     0 | D:1      | RonnieColeman the Octopode Fire Elementalist began the
                  | quest for the Orb.
     0 | D:1      | Reached XP level 1. HP: 11/11 MP: 3/3
   459 | D:1      | Reached XP level 2. HP: 17/17 MP: 5/5
   478 | D:1      | Found a shimmering altar of Xom.
   694 | D:1      | Slain by a kobold

Vault maps used:
D:1:      matt_arrival_diagonals, minmay_hexomino_r4

Action                   || total
-------------------------++-------
Melee: Unarmed           ||    16
       Constrict         ||     9
       Dagger            ||    27
       Tentacles         ||     3
 Cast: Flame Tongue      ||     2
 Stab: Sleeping          ||     8
Armor: Skin              ||     6
Dodge: Dodged            ||    29

Table legend:
 A = Non-vault XP
 B = Vault XP
 C = Vault XP percentage of total XP
 D = Non-vault monster count
 E = Vault monster count
 F = Vault count percentage of total count
                 A         B        C        D         E       F
            +---------+---------+-------+---------+---------+-------
      Total |      19 |       9 |  32.1 |      11 |       5 |  31.2
            +---------+---------+-------+---------+---------+-------
        D:1 |      19 |       9 |  32.1 |      11 |       5 |  31.2
            +---------+---------+-------+---------+---------+-------
